Unix NetHack Version 7.0.0 - last build Mar 10 2022 02:09:06 (b0ede05635d003aa7590834c400c1b844a9ff76b). Game began 2022-03-12 21:05:19, ended 2022-03-18 20:30:57. mobileuser, neutral male human Ranger ------------------------------ |.M...A.....%....%...%.......| |.......@........----|----...--- |.A....@.A...&..--.......--A.%.| |........[A@...--...$.%...--.@.------- ----- |......AA@.....|...A.......|......a..| ----- A A..| ------...--------.....&...--------.).| |.A. q A ---------..-- ----|---- --.......-- ----%---- --).--------- |..aaa.a|...-- --....%..-- -----|----- --.......-- --%).|...z...| |aaa@.@.|@...---.A)@.....-----.A..a....-----..A.%.%aa---%@%.|A...@..| |@a.@Aaa-a....-A..@.A...@.||.D.A.%@.A....||.a...D...A.-&@%..-.`.H@..| |@a.A..a|.%..---.........--|. ----%---- .|--.........---%.w.|..A....| |aaaaaaa|...-- --.......-- |@ |.%%%@.D| | --.......-- --.@.|.......| ---------D%-- --------- @ |q%A....| --------- --..--------- @ @.. ...| |.%@_%..|@ |....... A ----- |.%.D%%.| A ----- A|.......|@ D--------- Mobileuser the Archer St:25 Dx:18 Co:18 In:18 Wi:18 Ch:9 Neutral S:1044930 Astral Plane $:0 HP:205(231) Pw:143(143) AC:-42 Xp:24/307996 T:44203 Satiated Latest messages: "Dost thou wish to receive thy final blessing?" The invisible priest of Moloch casts a spell! The invisible priest of Moloch summons insects! What do you want to drink? [X or ?*] ? What do you want to drink? [X or ?*] X You feel completely healed. Your vision seems to brighten for a moment but is normal now. The soldier ant turns to flee. The giant ant turns to flee. The giant ant turns to flee. The fire ant turns to flee. The fire ant turns to flee. You hear a masticating sound. You hear a masticating sound. The Angel of Moloch swings her long sword. Your dwarvish helm blocks the Angel of Moloch's attack. The Angel of Moloch swings her long sword. The Angel of Moloch slashes you! The Angel of Moloch punches you! The Angel of Moloch casts a spell at you! You are hit by a shower of missiles! Some missiles bounce off! The killer bee turns to flee. The soldier ant turns to flee. What do you want to drink? [X or ?*] ? What do you want to drink? [X or ?*] X You feel completely healed. The soldier ant turns to flee. The killer bee turns to flee. The Angel of Moloch swings her long sword. The Angel of Moloch rends you! The Angel of Moloch swings her long sword. The Angel of Moloch hits you! The Angel of Moloch punches you! The Angel of Moloch casts a spell at you! You are hit by a shower of missiles! Some missiles bounce off! What do you want to use or apply? [bkmopsuyABDELW or ?*] b What do you want to sacrifice? [r or ?*] r You offer the Amulet of Yendor to Diana... A visible choir sings, and you are bathed in radiance... The voice of Diana thunders: "Mortal, thou hast done well!" "In return for thy service, I grant thee the gift of Immortality!" You ascend to the status of Demigod... Do you want your possessions identified? [ynq] (y) y Do you want to see your attributes? [ynq] (y) y Do you want an account of creatures vanquished? [ynaq] (y) y Do you want a list of species genocided and extinct? [ynq] (y) y Do you want to see your conduct and achievements? [ynq] (y) y Do you want to see the dungeon overview? [ynq] (y) y Major events: Turn 1: mobileuser the neutral male human Ranger entered the dungeon 2: hit with a wielded weapon for the first time 2: killed for the first time 4: ate for the first time - newt corpse 4: consumed animal products for the first time, by eating a newt corpse 33: entered new level 2, The Dungeons of Doom 605: entered new level 3, The Dungeons of Doom 807: gained experience level 2 1074: attained the rank of Lookout (level 3) 1150: entered new level 4, The Dungeons of Doom 1197: became literate by engraving "test" 1239: entered a shop 1805: gained experience level 4 1962: entered new level 5, The Dungeons of Doom 2054: entered new level 1, The Gnomish Mines 2054: entered the Gnomish Mines 2509: gained experience level 5 2598: entered new level 2, The Gnomish Mines 2917: entered new level 3, The Gnomish Mines 3044: attained the rank of Trailblazer (level 6) 3386: entered new level 4, The Gnomish Mines 3773: rejected atheism with a prayer 4065: reached Mine Town 4115: entered a temple 4230: gained experience level 7 6163: entered new level 6, The Dungeons of Doom 7448: gained experience level 8 7512: entered new level 5, The Gnomish Mines 7796: entered new level 6, The Gnomish Mines 8747: entered new level 7, The Gnomish Mines 8830: entered new level 8, The Gnomish Mines 9109: entered new level 9, The Gnomish Mines 9454: acquired the Mines' End luckstone 10021: gained experience level 9 11296: entered new level 7, The Dungeons of Doom 11723: entered new level 8, The Dungeons of Doom 12177: entered new level 4, Sokoban 12177: entered Sokoban 12921: entered new level 3, Sokoban 13620: entered new level 2, Sokoban 14128: entered new level 1, Sokoban 15351: attained the rank of Reconnoiterer (level 10) 15383: completed Sokoban 18965: had Magicbane bestowed upon him by Diana 20661: entered new level 9, The Dungeons of Doom 21216: entered new level 10, The Dungeons of Doom 21310: entered new level 11, The Dungeons of Doom 21544: entered new level 12, The Dungeons of Doom 21786: entered new level 13, The Dungeons of Doom 22678: entered new level 14, The Dungeons of Doom 23206: entered new level 1, Fort Ludios 24165: entered new level 15, The Dungeons of Doom 24193: entered new level 16, The Dungeons of Doom 24343: gained experience level 11 24776: entered new level 17, The Dungeons of Doom 25421: entered new level 18, The Dungeons of Doom 25811: entered new level 19, The Dungeons of Doom 26570: became Diana's Envoy of Balance 26917: entered new level 1, The Quest 27338: gained experience level 12 27531: entered new level 2, The Quest 27655: entered new level 3, The Quest 28147: entered new level 4, The Quest 28162: entered new level 5, The Quest 28515: killed Scorpius 28526: acquired the Bell of Opening 28731: gained experience level 13 30251: attained the rank of Scout (level 14) 30425: gained experience level 15 31776: entered new level 20, The Dungeons of Doom 31854: gained experience level 16 31926: gained experience level 17 32057: attained the rank of Arbalester (level 18) 32071: gained experience level 19 32116: gained experience level 20 32207: gained experience level 21 32522: entered new level 21, The Dungeons of Doom 32780: entered new level 22, The Dungeons of Doom 33179: entered new level 23, The Dungeons of Doom 33311: entered new level 24, The Dungeons of Doom 34838: lost experience level 21 34838: regained experience level 21 34847: lost experience level 21 34848: regained experience level 21 35019: entered new level 25, The Dungeons of Doom 35304: killed Medusa 35367: entered new level 26, The Dungeons of Doom 35487: entered new level 27, The Dungeons of Doom 36052: entered new level 1, Gehennom 36052: entered Gehennom 36182: lost experience level 21 36183: lost experience level 20 36183: regained experience level 20 36375: lost experience level 20 36376: regained experience level 20 36464: lost experience level 20 36466: regained experience level 20 36687: entered new level 2, Gehennom 36713: made his first wish - "blessed fixed ring of teleport control" 36787: wished for "blessed fixed ring of free action" 36803: entered new level 19, Gehennom 36923: entered new level 18, Gehennom 37053: entered new level 16, Gehennom 37142: entered new level 17, Gehennom 37272: wished for "2 blessed scrolls of genocide" 37273: performed his first genocide (class L) 37274: genocided class U 37473: entered new level 15, Gehennom 37497: entered new level 14, Gehennom 37591: entered new level 13, Gehennom 37640: entered new level 12, Gehennom 37718: entered new level 11, Gehennom 37722: killed Orcus 37743: lost experience level 20 37745: lost experience level 19 37749: regained experience level 19 37749: regained experience level 20 37749: regained experience level 21 38081: entered new level 10, Gehennom 38106: entered new level 9, Gehennom 38150: entered new level 4, Vlad's Tower 38223: entered new level 3, Vlad's Tower 38287: entered new level 2, Vlad's Tower 38387: entered new level 1, Vlad's Tower 38440: lost experience level 21 38444: regained experience level 21 38765: destroyed Vlad the Impaler 38772: acquired the Candelabrum of Invocation 38794: made his first artifact wish - "the blessed fixed Eyes of the Overworld" 39112: killed Croesus 39234: wished for "blessed fixed +2 gauntlets of power" 40162: entered new level 3, Gehennom 40236: entered new level 4, Gehennom 40427: killed Asmodeus 40456: entered new level 5, Gehennom 40470: killed Juiblex 40626: entered new level 6, Gehennom 40656: entered new level 7, Gehennom 40741: entered new level 8, Gehennom 40958: killed Baalzebub 41284: attained the rank of Archer (level 22) 41792: had Fire Brand bestowed upon him by Diana 42012: polymorphed his first object 42500: killed the invisible Wizard of Yendor, on Dlvl:41 42506: acquired the Book of the Dead 42507: wished for "magic marker" 42544: performed the invocation 42544: entered new level 20, Gehennom 42664: killed the invisible high priest of Moloch 42665: acquired The Amulet of Yendor 42780: genocided class R 43769: entered new level 5, The Elemental Planes 43769: entered the Planes 43846: entered new level 4, The Elemental Planes 43940: entered new level 3, The Elemental Planes 43972: entered new level 2, The Elemental Planes 44021: gained experience level 23 44043: entered new level 1, The Elemental Planes 44043: entered the Astral Plane 44058: gained experience level 24 44072: killed Death 44133: killed Pestilence 44176: killed Famine Inventory: Inventory: 720/1000 weight (34/52 slots) Amulets n - an uncursed copper amulet of life saving (being worn) {24} J - an uncursed mithril amulet of magical breathing {14} Weapons c - 31 blessed rustproof +2 arrows (in quiver) {31} C - the blessed burnt +0 Longbow of Diana (alternate weapon; not wielded) {30} t - 3 blessed +5 silver daggers {33} a - the blessed +7 Magicbane (weapon in hand) {10} Armor i - an uncursed greased rustproof +4 dwarvish helm (being worn) {30} I - a blessed rustproof +5 pair of gauntlets of power (being worn) {23} O - a blessed fireproof +3 pair of cloth jumping boots (being worn) {10} f - an uncursed +4 metal shield of reflection (being worn) {29} Z - a blessed greased fireproof +4 cloak of protection (being worn) {8} G - a blessed +4 Hawaiian shirt with a toucan motif (being worn) {4} R - a blessed blue-scaled +4 mithril elven ring mail (being worn) {88} Comestibles x - an uncursed sprig of wolfsbane {1} l - an uncursed lizard corpse {10} Rings F - an uncursed ring of conflict {3} Y - a blessed indestructible ring of free action (on left hand) {3} g - a blessed indestructible ring of teleport control {3} P - an uncursed ring of warning {3} Wands W - a wand of death (1:1) {7} m - a wand of digging (0:5) {7} A - a wand of teleportation (1:2) {7} o - a wand of teleportation (0:0) {7} D - a wand of teleportation (0:0) {7} L - a wand of teleportation (0:0) {7} Tools b - a blessed bag of holding containing 48 items {213} y - an uncursed mithril bugle {5} E - the blessed Eyes of the Overworld (being worn) {3} k - an uncursed mithril lock pick {2} p - a +0 mithril pick-axe {62} s - an uncursed stethoscope {4} B - an uncursed towel {2} u - a blessed +0 unicorn horn {20} Gems/Stones e - a blessed luckstone {10} Contents of the bag of holding: an uncursed silver amulet of flying an uncursed silver amulet of life saving 35 blessed rustproof +2 arrows an uncursed cram ration 5 uncursed lembas wafers 2 uncursed lumps of royal jelly an uncursed lizard corpse 12 blessed scrolls of blank paper an uncursed scroll of charging 2 blessed scrolls of earth an uncursed scroll of enchant armor 2 blessed scrolls of identify an uncursed scroll of magic mapping 3 blessed scrolls of remove curse 3 uncursed scrolls of remove curse an uncursed scroll of scare monster 2 uncursed scrolls of taming a cursed scroll of teleportation 14 potions of holy water a potion of unholy water an uncursed ring of fire resistance an uncursed ring of invisibility an uncursed ring of levitation an uncursed ring of polymorph control an uncursed ring of regeneration an uncursed ring of shock resistance a wand of cold (0:8) a wand of digging (0:6) a wand of digging (0:6) a wand of digging (0:5) a wand of digging (0:5) a wand of digging (0:4) a wand of enlightenment (0:8) a wand of fire (0:7) a wand of lightning (0:4) a wand of polymorph (0:0) a wand of probing (0:7) a wand of secret door detection (0:9) a wand of sleep (0:5) a wand of striking (0:7) a wand of wishing (0:1) an empty uncursed sack a mithril horn of plenty (0:0) a can of grease (0:12) a magic marker (1:14) an uncursed silver magic whistle an uncursed silver magic whistle a blessed touchstone Mobileuser the Ranger's attributes: Background: You were an Archer, a level 24 male human Ranger. You were neutral, on a mission for Diana who was opposed by Apollo (lawful) and Mars (chaotic). You were heterosexual. You were in the endgame, on the Astral Plane. You entered the dungeon 44203 turns ago. There was a full moon in effect when your adventure ended. You had 307996 experience points, 42004 more were needed for level 25. Your score was 1044930 before end-of-game adjustments. Basics: You had 205 out of 231 hit points. You had all 143 energy points (spell power). Your armor class was -42. Your wallet was empty. Autopickup was off. Final Characteristics: Your strength was 25 (base:18/01, peak:18/02, innate limit:18/100). Your dexterity was 18 (limit:18). Your constitution was 18 (limit:18). Your intelligence was 18 (limit:18). Your wisdom was 18 (limit:18). Your charisma was 9 (limit:18). Final Status: You were satiated. You were unencumbered. You were wielding a dagger. You had expert skill with dagger. Final Attributes: You were the Envoy of Balance. You were piously aligned. You were magic-protected. You were fire resistant. You were cold resistant. You were sleep resistant. You were disintegration-resistant. You were shock resistant. Your items were protected from electric shocks. You were poison resistant. You saw invisible. You were telepathic. You had automatic searching. You were sensing the presence of monsters. You were stealthy. You could jump. You had a moderate defense bonus (+9). You were protected. You were very fast. You had reflection. You had free action. Your life would have been saved. You were extremely lucky. You had extra luck. Good luck did not time out for you. You survived. Miscellaneous: You never encountered a bones level. Total elapsed playing time was 1 day, 1 hour, 43 minutes and 50 seconds. Vanquished creatures: Asmodeus Baalzebub Orcus Juiblex the Wizard of Yendor (4 times) Death (4 times) Pestilence (thrice) Famine Vlad the Impaler a high cleric a mastodon Medusa Croesus 9 krakens an iron golem 2 master liches a ki-rin a storm giant a glass golem a balrog a purple worm 2 phoenixes 2 gray dragons 4 white dragons 3 orange dragons 3 black dragons 3 blue dragons a green dragon 4 yellow dragons 10 minotaurs a jabberwock Scorpius 9 baluchitheria 10 Angels 2 demiliches an Olog-hai a master mind flayer 2 Nazgul 6 pit fiends a sandestin 4 hell hounds 3 displacer beasts 3 titanotheres 4 trappers a baby red dragon a guardian naga 8 disenchanters 2 genetic engineers 26 vampire leaders 6 shades 2 skeletons 15 aligned clerics 2 captains 4 liches a clay golem 6 nurses 3 ice devils 2 nalfeshnees a mumak 5 lurkers above 4 Aleaxes 6 ettins a golden naga 4 black puddings 25 vampires 10 lieutenants a samurai a queen bee a winged gargoyle 7 giant mimics 5 orc-captains 6 long worms 11 zruties 2 fire giants 8 ogre tyrants 5 elven monarchs an ice troll 5 rock trolls 4 umber hulks 6 hezrous 2 bone devils 5 large mimics 5 wumpuses 4 fire vortices a couatl 12 stalkers 7 air elementals a fire elemental 4 earth elementals 4 water elementals 4 hill giants 4 giant mummies a black naga 2 elf-nobles 7 xorns 18 giant zombies 20 sergeants 7 barbed devils 3 vrocks 3 salamanders 11 wargs 3 winter wolves 4 hell hound pups 19 small mimics 3 glass piercers 4 warhorses 5 steam vortices 13 xans 5 ettin mummies 3 ogre leaders 16 trolls 6 quantum mechanics a sasquatch 3 wood golems 3 erinyes 2 mariliths 2 djinn 6 sharks 4 gelatinous cubes 3 pyrolisks 2 large dogs a freezing sphere 4 flaming spheres 5 shocking spheres a large cat 10 tigers a gargoyle 3 dwarf rulers a tengu 3 ochre jellies 9 leocrottas 5 energy vortices 21 mountain centaurs 7 stone giants 2 elf mummies 3 red nagas 5 green slimes 6 Grey-elves 2 pythons 3 pit vipers 3 cobras 48 wraiths 6 carnivorous apes 15 ettin zombies a leather golem 103 soldiers 3 watchmen 9 amorous demons 7 horned devils 6 chameleons 2 crocodiles 27 giant beetles 2 quivering blobs 26 cockatrices 7 wolves 2 winter wolf cubs 3 lynxes 3 panthers 4 gremlins 3 spotted jellies 11 leprechauns 6 mountain nymphs 4 iron piercers 14 giant spiders 28 scorpions 4 horses an ice vortex 6 black lights 6 vampire bats 57 forest centaurs 7 gnome rulers 3 orc mummies a dwarf mummy 2 ogres 9 brown puddings 4 Green-elves 10 rust monsters 13 owlbears 5 yetis a gold golem 2 werewolves 2 piranha 14 giant eels 9 lizards 8 hunters 6 chickatrices a dingo a dog 5 jaguars a dwarf leader a blue jelly 9 water nymphs 3 white unicorns 2 black unicorns 6 dust vortices 4 ravens 14 plains centaurs 2 gnome mummies 9 Woodland-elves 4 snakes 37 ghosts 3 apes 14 human zombies a rope golem 18 soldier ants 27 fire ants 2 imps 3 lemures 2 quasits 6 wood nymphs 29 bugbears 5 Mordor orcs 13 Uruk-hai 2 orc shamans 6 rock piercers 7 rock moles 3 fog clouds 12 yellow lights 2 shriekers 2 violet fungi 4 black molds 19 gnome leaders 12 gnomish wizards 2 kobold mummies 3 gray oozes 3 barrow wights 13 elf zombies 10 ghouls a straw golem 4 jellyfish 28 giant ants a little dog 14 floating eyes 3 kittens 22 dwarves 5 homunculi 8 kobold leaders 3 kobold shamans 3 hill orcs 20 rothes 3 centipedes 11 giant bats 2 monkeys 7 orc zombies 23 dwarf zombies 2 wererats 14 iguanas 35 killer bees 11 acid blobs 2 coyotes 2 gas spores 10 hobbits 2 manes 4 large kobolds 30 hobgoblins a giant rat 16 cave spiders 6 yellow molds a green mold 5 red molds 74 gnomes 3 garter snakes 16 gnome zombies 7 geckos 11 jackals 6 foxes 2 kobolds 9 goblins 3 sewer rats 8 grid bugs 9 lichens 18 kobold zombies 2 newts 1942 creatures vanquished. Genocided or extinct species: liches demiliches master liches arch-liches rust monsters disenchanters umber hulks quantum mechanics mind flayers genetic engineers master mind flayers soldiers (extinct) erinyes (extinct) 11 species genocided. 2 species extinct. Voluntary challenges: You read items or engraved 131 times. You genocided 11 types of monsters. You polymorphed 20 items. You never changed form. You used 6 wishes (1 for an artifact). You were celibate. You did not violate any of the special Sokoban rules. Achievements: You attained the rank of Lookout. You entered a shop. You entered the Gnomish Mines. You attained the rank of Trailblazer. You entered Minetown. You entered a temple. You completed the Gnomish Mines. You entered Sokoban. You attained the rank of Reconnoiterer. You handled the Bell of Opening. You handled the Bell of Opening. You attained the rank of Scout. You attained the rank of Arbalester. You defeated Medusa. You entered Gehennom. You handled the Candelabrum of Invocation. You attained the rank of Archer. You handled the Book of the Dead. You gained access to Moloch's Sanctum. You reached the Elemental Planes. You reached the Astral Plane. You delivered the Amulet of Yendor. You ascended! The Elemental Planes: Astral Plane: <- You are here. Many temples. Plane of Water: Plane of Fire: Plane of Air: Plane of Earth: The Dungeons of Doom: levels 1 to 27 Level 1: One way stairs up to The Elemental Planes. Level 2: Level 3: "armor shop" An armor shop. Level 4: "mines, stash" A potion shop. Stairs down to The Gnomish Mines. Level 5: A fountain. Level 6: "Oracle" A fountain. Oracle of Delphi. Level 7: "sokoban" Some fountains. Stairs up to Sokoban, level 6. Level 8: Level 9: Level 10: A fountain. Level 11: "temple" A temple. Level 12: "QUEST, unicorn" A fountain. Portal to The Quest. Level 13: "LUDIOS" Portal to Fort Ludios. Level 14: A temple, a fountain, a sink. Level 15: A general store, a fountain. Level 16: Level 17: Level 18: "altar" An altar to Diana. Level 19: "graveyard" Many graves, a tree. Level 20: "altar" Some altars, a sink. Level 21: Many fountains. Level 22: Level 23: Some fountains. Level 24: "graveyard, nymphs" A fountain, some graves, many trees. Level 25: Level 26: Level 27: A fountain. The castle. Gehennom: levels 28 to 47 Level 28: A temple, many graves. Valley of the Dead. Level 29: An altar. Level 30: Some graves. Level 31: Level 32: Some fountains. Level 33: Many graves. Level 34: Level 35: Level 36: Level 37: "Vlad" Stairs up to Vlad's Tower, level 36. Level 38: Some shops, an altar. Level 39: Level 40: Some graves. Level 41: "wizard" Level 42: Level 43: Level 44: Level 45: "portal" Level 46: "VS" Level 47: A temple, many graves. Moloch's Sanctum. The Gnomish Mines: levels 5 to 13 Level 5: Level 6: Level 7: Level 8: Many shops, a temple to Diana, some fountains. Level 9: Level 10: Level 11: Level 12: Level 13: A fountain. The Quest: levels 1 to 5 Level 1: An altar to Diana, many trees. Completed quest for Orion. Level 2: Many trees. Level 3: Level 4: Level 5: Sokoban: levels 6 up to 3 Level 3: Solved. Level 4: Solved. Level 5: Solved. Level 6: Solved. Fort Ludios: Level 1: "black dragon" Vlad's Tower: levels 36 up to 33 Level 33: Level 34: Level 35: Level 36: Goodbye mobileuser the Demigod... You went to your reward with 2115260 points, Magicbane (worth 3500 zorkmids and 8750 points) The Longbow of Diana (worth 4000 zorkmids and 10000 points) The Eyes of the Overworld (worth 2500 zorkmids and 6250 points) 2 amulets of life saving (worth 300 zorkmids), 1 amulet of magical breathing (worth 150 zorkmids), 1 amulet of flying (worth 150 zorkmids), and 0 pieces of gold, after 44203 moves. You were level 24 with a maximum of 231 hit points when you ascended.